 Dungeon Crawl Stone Soup version 0.31-a0-202-g547052bce9 (webtiles) character file.

Game seed: 14349873141172483715

116 qw the Skirmisher (level 4, -1/25 HPs)
             Began as a Deep Elf Hunter on June 26, 2023.
             Slain by an orc
             ... wielding a +0 falchion
              (5 damage)
             ... on level 2 of the Dungeon.
             The game lasted 00:00:39 (1414 turns).

qw the Skirmisher (Deep Elf Hunter)                 Turns: 1414, Time: 00:00:40

Health: -1/25      AC:  3    Str: 10      XL:     4   Next: 69%
Magic:  6/6        EV: 12    Int: 12 (14) God:
Gold:   9          SH:  0    Dex: 18      Spells: 3/3 levels left

rFire   . . .        Y - +1 shortbow
rCold   . . .        (shield currently unavailable)
rNeg    . . .        c - +0 leather armour
rPois   .            (no helmet)
rElec   .            (no cloak)
rCorr   .            (no gloves)
SInv    .            (no boots)
Will    .....        (no amulet)
Stlth   ++           (no ring)
HPRegen 0.24/turn    (no ring)
MPRegen 0.10/turn

%: no passive effects
@: no status effects
A: no striking features
a: no special abilities


You were on level 2 of the Dungeon.
You visited 1 branch of the dungeon, and saw 3 of its levels.

You collected 9 gold pieces.


   Skills:
 - Level 1.5 Fighting
 + Level 8.1 Ranged Weapons
 - Level 2.4 Dodging
 - Level 1.2 Stealth


You had 3 spell levels left.
You didn't know any spells.
Your spell library was empty.

Inventory:

Hand Weapons
 Y - a +1 shortbow (weapon)
Armour
 c - a +0 leather armour (worn)
Potions
 a - a potion of lignification {unknown}
 d - a potion of heal wounds {unknown}
 e - a potion of magic {unknown}
 f - a potion of cancellation {unknown}
 j - 2 potions of curing

Dungeon Overview and Level Annotations

Branches:
Dungeon (3/15)

Altars:


Message History

Where to? (* - list waypoints, Enter - D:2, ? - help)
What level of the Dungeon? (default 1, ? - help)
There is a stone staircase leading down here.
You climb downwards.
Found 13 gold pieces.
Found a stone staircase leading up.
There is a stone staircase leading up here.
There are monsters nearby!
Waypoint 2 assigned to D:3.
You shoot an arrow.
The arrow hits the orc but does no damage.
The orc shouts!
You shoot an arrow. The arrow hits the orc!
You kill the orc!
You shoot an arrow. The arrow closely misses the orc.
You shoot an arrow. The arrow hits the orc.
The orc is moderately wounded.
You shoot an arrow. The arrow hits the orc.
The orc is heavily wounded.
The orc hits you with a +0 flail!
1408 ||| STAIRDANCE The orc misses you.
The orc hits you with a +0 falchion.
You climb upwards.
There is a stone staircase leading down here.
Enter note:
Enter note:
Enter note:
Enter note:
Enter note:
Enter note: You shoot an arrow.
The arrow barely misses the orc.
The orc hits you but does no damage. The orc hits you with a +0 flail.
You shoot an arrow. The arrow barely misses the orc.
The orc barely misses you. The orc hits you with a +0 flail.
You shoot an arrow. The arrow hits the orc!
You kill the orc!
The orc misses you.
You shoot an arrow. The arrow barely misses the orc.
The orc hits you with a +0 falchion.
You shoot an arrow. The arrow completely misses the orc.
The orc hits you with a +0 falchion.
You die...

....## #.# #...######.##.#
....### #.#####.............##
....+.###.##..'........).)...#
....#...#.##.##.<............#
.%....#...#..................#
......#......##......).)...)<###
......#.#......................#
....#...#.......o.........####.##
##.######.......@....###### ##...
.#.# #........)...# #.... .#.#
############## #.... .#.# #....
.#.# ##..# .#.# #...# ...#
#####.... #### #........ #
#.####...


You could see an orc.

Vanquished Creatures
  An orc wizard (D:1)
  2 adders (D:2)
  2 dart slugs
  6 orcs
  4 bats
  8 endoplasms
  2 giant cockroaches
  3 goblins (D:2)
  6 hobgoblins (D:2)
  6 quokkas
  5 ball pythons
  2 frilled lizards (D:2)
  3 kobolds
  7 rats
57 creatures vanquished.

Notes
Turn   | Place    | Note
-------+----------+-------------------------------------------
     0 | D:1      | qw the Deep Elf Hunter began the quest for the Orb.
     0 | D:1      | Reached XP level 1. HP: 12/12 MP: 3/3
     0 | D:1      | 0 ||| qw: Version: 0.3-a-22-g0ed2b0b
     0 | D:1      | 0 ||| qw: Game counter: 6071
     0 | D:1      | 0 ||| qw: Melee chars always use a shield: true
     0 | D:1      | 0 ||| qw: God list: Okawaru
     0 | D:1      | 0 ||| qw: Allow faded altars: false
     0 | D:1      | 0 ||| qw: Do Orc after clearing Dungeon:15 true
     0 | D:1      | 0 ||| qw: Do second Lair branch before Depths: true
     0 | D:1      | 0 ||| qw: Lair rune preference: random
     0 | D:1      | 0 ||| qw: Goals: Normal
     0 | D:1      | 0 ||| PLANNING D:1-11
   149 | D:1      | Reached skill level 6 in Ranged Weapons
   149 | D:1      | Reached XP level 2. HP: 16/16 MP: 4/4
   697 | D:1      | 697 ||| READING 4 scrolls labelled NOEHOF ISIE.
   698 | D:1      | 698 ||| READING scroll labelled FORU DAINUNEGO.
   699 | D:1      | 699 ||| READING scroll labelled AFEYPO ZURAT.
   700 | D:1      | 700 ||| DRINKING 2 coppery potions.
   701 | D:1      | 701 ||| DRINKING 2 fuming cyan potions.
   702 | D:1      | 702 ||| DROPPING 3 scrolls of fear.
   703 | D:1      | 703 ||| DROPPING scroll of butterflies.
   704 | D:1      | 704 ||| DROPPING potion of degeneration.
   705 | D:1      | 705 ||| DROPPING potion of brilliance.
   757 | D:2      | Reached XP level 3. HP: 20/20 MP: 5/5
   766 | D:2      | 766 ||| STAIRDANCE
   779 | D:1      | Reached skill level 7 in Ranged Weapons
   817 | D:2      | 817 ||| STAIRDANCE
   850 | D:2      | Reached XP level 4. HP: 25/25 MP: 6/6
  1057 | D:2      | 1057 ||| FLEEEEING.
  1058 | D:2      | 1058 ||| FLEEEEING.
  1059 | D:2      | 1059 ||| FLEEEEING.
  1060 | D:2      | 1060 ||| FLEEEEING.
  1061 | D:2      | 1061 ||| FLEEEEING.
  1062 | D:2      | 1062 ||| FLEEEEING.
  1063 | D:2      | 1063 ||| FLEEEEING.
  1064 | D:2      | 1064 ||| FLEEEEING.
  1065 | D:2      | 1065 ||| FLEEEEING.
  1066 | D:2      | 1066 ||| FLEEEEING.
  1067 | D:2      | 1067 ||| FLEEEEING.
  1068 | D:2      | 1068 ||| FLEEEEING.
  1069 | D:2      | 1069 ||| FLEEEEING.
  1070 | D:2      | 1070 ||| FLEEEEING.
  1071 | D:2      | 1071 ||| FLEEEEING.
  1072 | D:2      | 1072 ||| FLEEEEING.
  1073 | D:2      | 1073 ||| FLEEEEING.
  1243 | D:2      | Reached skill level 8 in Ranged Weapons
  1391 | D:2      | 1391 ||| READING scroll labelled AJYSCH ASTRE.
  1392 | D:2      | 1392 ||| DRINKING 3 emerald potions.
  1408 | D:3      | 1408 ||| STAIRDANCE
  1411 | D:2      | HP: 4/25 [orc/+0 flail (6)]
  1414 | D:2      | Slain by an orc

Levels and vault maps discovered:
D:1:      amcnicky_arrival_abandoned_market, layout_loops_ring,
          nicolae_the_louvre
D:2:      layout_basic
D:3:      layout_loops_ring

Skill      XL: |  1  2  3  4 |
---------------+-------------+-----
Ranged Weapons | 6 7 8 |  8.1
Fighting       | |  1.5
Dodging        | |  2.4
Stealth        | |  1.2

Action                     |  1- 3 |  4- 6 || total
---------------------------+-------+-------++-------
   Fire: Shortbow          |    79 |    55 ||   134
    Use: Scroll            |     3 |     1 ||     4
         Potion            |     2 |     1 ||     3
 Armour: Leather armour    |     7 |     2 ||     9
  Dodge: Dodged            |    18 |    10 ||    28

Table legend:
 A = Non-vault XP
 B = Vault XP
 C = Vault XP percentage of total XP
 D = Non-vault monster count
 E = Vault monster count
 F = Vault count percentage of total count
                 A         B        C        D         E       F
            +---------+---------+-------+---------+---------+-------
      Total |     166 |       0 |   0.0 |      57 |       0 |   0.0
            +---------+---------+-------+---------+---------+-------
        D:1 |      79 |       0 |   0.0 |      25 |       0 |   0.0
        D:2 |      84 |       0 |   0.0 |      31 |       0 |   0.0
        D:3 |       3 |       0 |   0.0 |       1 |       0 |   0.0
            +---------+---------+-------+---------+---------+-------
